 Dungeon Crawl Stone Soup version 0.26.1-2-gb8aa6d0cf2 (webtiles) character file.

Game seed: 998887440237328295

1677 DearestLeader the Spear-Bearer (level 9, -7/59 HPs)
             Began as a Merfolk Ice Elementalist on Mar 4, 2021.
             Mangled by Pikel
             ... wielding a +2 whip of electrocution
              (19 damage)
             ... on level 5 of the Dungeon.
             The game lasted 00:19:10 (9689 turns).

DearestLeader the Spear-Bearer (MfIE)               Turns: 9689, Time: 00:19:11

Health: -7/59      AC:  7    Str:  9    XL:     9   Next: 1%
Magic:  5/12       EV: 11    Int: 17    God:
Gold:   223        SH:  0    Dex: 14    Spells: 1/12 levels left

rFire    . . .     SeeInvis .   h - +0 spear
rCold    . . .     Faith    .   (no shield)
rNeg     + . .     Spirit   .   m - +1 ring mail {rN+}
rPois    .         Reflect  .   (no helmet)
rElec    .         Harm     .   (no cloak)
rCorr    .         Rampage  .   v - +0 pair of gloves
Will     .....                  (no boots)
Stlth    +.........             (no amulet)
HPRegen  0.19/turn              (no ring)
MPRegen  0.13/turn              (no ring)

@: brilliant
A: change form in water, swift swim, stealthy swim
a: no special abilities


You were on level 5 of the Dungeon.
You visited 2 branches of the dungeon, and saw 7 of its levels.
You also visited: Sewer.

You collected 223 gold pieces.

Inventory:

Hand Weapons
 h - a +0 spear (weapon)
 q - a +3 dagger
Missiles
 o - 6 curare-tipped darts (quivered)
Armour
 m - a +1 ring mail of positive energy (worn)
 u - a +0 buckler
 v - a +0 pair of gloves (worn)
Scrolls
 b - a scroll of noise {unknown}
 c - 2 scrolls of amnesia
 g - a scroll of remove curse
 j - a scroll of enchant armour
 k - a scroll of teleportation {unknown}
 l - a scroll of immolation {unknown}
 r - a scroll of magic mapping
 s - 2 scrolls of random uselessness {unknown}
 y - a scroll of enchant weapon {unknown}
 z - 3 scrolls of identify
 A - a scroll of torment {unknown}
Potions
 a - a potion of invisibility
 d - a potion of resistance {unknown}
 e - 6 potions of brilliance
 f - 2 potions of mutation
 i - 2 potions of attraction {unknown}
 n - 3 potions of curing
 p - a potion of magic {unknown}
 t - 6 potions of flight {unknown}
 w - 5 potions of heal wounds {unknown}
 x - a potion of might {unknown}


   Skills:
 - Level 1.1 Fighting
 * Level 11.5 Polearms
 - Level 4.0 Dodging
 - Level 2.1 Stealth
 - Level 2.0 Spellcasting
 + Level 8.7 Ice Magic


You had one spell level left.
You knew the following spells:

 Your Spells              Type           Power        Failure   Level
a - Freeze                Ice            100%         1%          1
b - Frozen Ramparts       Ice            94%          4%          3
c - Ozocubu's Armour      Ice            47%          4%          3
d - Summon Ice Beast      Ice/Summ       24%          65%         4

Your spell library contained the following spells:

 Spells                   Type           Power        Failure   Level
 Hailstorm                Conj/Ice       24%          65%         4


Dungeon Overview and Level Annotations

Branches:
Dungeon (6/15)             Temple (1/1) D:5           Sewer (visited)

Altars:
Ashenzari
Dithmenos
Elyvilon
Hepliaklqana
Makhleb
Qazlal
Trog
Uskayaw
Wu Jian
Xom
Zin
Lugonu

Annotations:
D:5 Pikel


Message History

Unknown command.
Your frozen ramparts will break if you move.
Continue?
The frozen ramparts melt away as you move.
You feel better.
Pikel hits you with a +2 whip of electrocution.
* * * LOW HITPOINT WARNING * * *
There is a stone staircase leading up here.
Pikel waves his whip at you.
Pikel hits you with a +2 whip of electrocution!
* * * LOW HITPOINT WARNING * * *
You climb upwards.
There is a stone staircase leading down here.
There is an open door here.
You feel better. Pikel closely misses you.
It was a potion of brilliance.
You feel clever all of a sudden.
Pikel hits you with a +2 whip of electrocution.
* * * LOW HITPOINT WARNING * * *
You are electrocuted!!
You die...

###### #.##.#
############### #....#
#.............# #.##.#
#.###########.#
#.##.####.#..># #.# ###
#.##......#.#.# #.# ##.#
#.#.#######.#.# #.#
...###'#.#....##.#.# #.#
##.......#....##@#.# #.#
#.......#....##K#.# #.#
##.......#....##.#.# #.#
.'............'..#.# ### #.#
##......##...>####.###.# #.#
##.#...................# #.#
...#.#############.#..####.#
.###...............#.......#
.######......#######...#####


You could see Pikel.

Vanquished Creatures
  Menkaure (D:6)
  An ice beast (D:6)
  A sky beast (D:6)
  2 ogres
  2 lemures (D:6)
  2 big kobolds (Sewer)
  Blork the orc (D:6)
  A water moccasin zombie (D:6)
  2 scorpions (D:4)
  3 howler monkeys
  A bullfrog zombie (D:5)
  2 hounds (D:6)
  A centaur skeleton (D:4)
  2 orc priests
  2 orc wizards
  A bullfrog skeleton (D:4)
  3 worker ants
  A hound skeleton (D:5)
  3 gnolls (D:2)
  15 adders
  6 river rats (Sewer)
  A white imp (D:5)
  An ufetubus (D:5)
  An ooze (Sewer)
  An adder skeleton (D:5)
  4 worms
  2 dart slugs (D:1)
  8 leopard geckos
  13 orcs
  9 bats
  8 giant cockroaches
  7 goblins
  6 hobgoblins
  3 jackals (D:2)
  3 quokkas
  3 ball pythons (Sewer)
  6 frilled lizards
  20 kobolds
  A quokka skeleton (D:4)
  22 rats
172 creatures vanquished.

Notes
Turn   | Place    | Note
-------+----------+-------------------------------------------
     0 | D:1      | DearestLeader the Merfolk Ice Elementalist began the quest
                  | for the Orb.
     0 | D:1      | Reached XP level 1. HP: 13/13 MP: 3/3
   193 | D:1      | Reached XP level 2. HP: 19/19 MP: 1/5
   368 | D:1      | Reached skill level 5 in Ice Magic
   680 | D:1      | Reached XP level 3. HP: 23/24 MP: 1/6
  1074 | D:2      | Found a shimmering altar of Xom.
  1383 | D:1      | Learned a level 3 spell: Frozen Ramparts
  1394 | D:2      | Reached XP level 4. HP: 16/30 MP: 3/7
  1840 | D:2      | Reached skill level 1 in Polearms
  1918 | D:2      | Reached skill level 2 in Polearms
  2533 | D:2      | Reached skill level 3 in Polearms
  3008 | D:3      | Reached XP level 5. HP: 31/35 MP: 2/8
  3133 | D:3      | Reached skill level 4 in Polearms
  3420 | D:3      | Found a faded altar of an unknown god.
  4260 | D:4      | Noticed an ogre
  4269 | D:4      | Killed an ogre
  4270 | D:4      | Reached skill level 5 in Polearms
  4270 | D:4      | Reached XP level 6. HP: 37/41 MP: 5/9
  4324 | D:4      | Found a white marble altar of Elyvilon.
  4941 | D:4      | Reached skill level 6 in Polearms
  5214 | D:4      | Reached XP level 7. HP: 47/47 MP: 10/10
  5225 | D:4      | Reached skill level 1 in Fighting
  5362 | D:4      | Found an ornate altar of the Wu Jian Council.
  5596 | D:5      | Entered Level 5 of the Dungeon
  5645 | D:5      | Found a glowing drain.
  5687 | D:5      | Reached skill level 7 in Polearms
  5716 | Sewer    | Entered a sewer
  6023 | Sewer    | Reached skill level 8 in Polearms
  6693 | D:5      | Reached XP level 8. HP: 47/54 MP: 11/11
  6702 | D:5      | Learned a level 3 spell: Ozocubu's Armour
  6707 | D:5      | Learned a level 4 spell: Summon Ice Beast
  7192 | D:5      | Found a staircase to the Ecumenical Temple.
  7201 | Temple   | Entered the Ecumenical Temple
  7282 | D:5      | Reached skill level 9 in Polearms
  8370 | D:5      | Found a glowing silver altar of Zin.
  8372 | D:5      | Found a burning altar of Makhleb.
  8374 | D:5      | Noticed an angel
  8375 | D:5      | Noticed an Executioner
  8714 | D:6      | Reached skill level 10 in Polearms
  9027 | D:6      | Noticed Blork the orc
  9028 | D:6      | Noticed Menkaure
  9067 | D:6      | Killed Menkaure
  9441 | D:6      | Reached skill level 11 in Polearms
  9612 | D:6      | Killed Blork the orc
  9617 | D:6      | Noticed Pikel
  9667 | D:6      | Reached XP level 9. HP: 21/59 MP: 2/12
  9689 | D:5      | Mangled by Pikel

Illustrated notes

Levels and vault maps discovered:
D:1:      eino_arrival_druids_welcome, layout_loops_ring
D:2:      wad_river_or_something, layout_basic, nicolae_overflow_crystal_walls
D:3:      layout_basic, chequers_ecumenical_altar_island
D:4:      layout_gridville, elyvilon_altar_1, kennysheep_little_box
D:5:      layout_basic, grunt_temple_overflow_order_and_chaos_2,
          minmay_temple_entry_statues_fountains, portal_sewer_entry_f
D:6:      layout_gridville, moated_statue, uniq_grinder, uniq_menkaure,
          uniq_prince_ribbit1, uniq_pikel, uniq_blork_the_orc
Temple:   corrupted_temple

Skill      XL: |  1  2  3  4  5  6  7  8 |
---------------+-------------------------+-----
Ice Magic      | 5 6 7 8 |  8.7
Polearms       | 3 5 6 8 11 | 11.5
Dodging        | 3 4 |  4.0
Fighting       | 1 |  1.1
Stealth        | |  2.1
Spellcasting   | |  2.0

Action                   |  1- 3 |  4- 6 |  7- 9 || total
-------------------------+-------+-------+-------++-------
Melee: Short sword       |    39 |       |       ||    39
       Spear             |       |   261 |   414 ||   675
       Tailslap          |       |     1 |     2 ||     3
Throw: Dart              |       |     1 |       ||     1
 Cast: Freeze            |    22 |    18 |    15 ||    55
       Frozen Ramparts   |     1 |     5 |    23 ||    29
       Ozocubu's Armour  |       |       |     3 ||     3
  Use: Scroll            |       |     5 |     2 ||     7
       Potion            |       |       |     3 ||     3
 Stab: Sleeping          |     2 |     4 |     1 ||     7
Armor: Robe              |    14 |     3 |       ||    17
       Ring mail         |       |    59 |   108 ||   167
Dodge: Dodged            |    44 |   112 |   168 ||   324
